 Dungeon Crawl Stone Soup version 0.30.0-29-ga12c61a403 (webtiles) character file.

Game seed: 6007503723753983084

1985 Heoruswealwe the Thaumaturge (level 9, -2/45 HPs)
             Began as a Deep Elf Conjurer on June 22, 2023.
             Was an Initiate of Vehumet.
             Slain by a gnoll
             ... wielding a +0 flail
             ... led by a gnoll bouda
              (12 damage)
             ... on level 6 of the Dungeon.
             The game lasted 00:53:00 (4404 turns).

Heoruswealwe the Thaumaturge (Deep Elf Conjurer)    Turns: 4404, Time: 00:53:01

Health: -2/45      AC:  5    Str:  4    XL:     9   Next: 1%
Magic:  5/26       EV: 12    Int: 34    God:    Vehumet [......]
Gold:   224        SH:  0    Dex: 15    Spells: 9/30 levels left

rFire   . . .        b - +7 whip "Adam" {heavy, *Noise Int+6 Dex+2}
rCold   . . .        (no shield)
rNeg    . . .        c - +0 animal skin
rPois   .            g - +0 helmet
rElec   .            h - +0 cloak
rCorr   .            f - +0 pair of gloves
SInv    .            (no boots)
Will    +....        (no amulet)
Stlth   ++           k - ring of flight
HPRegen 0.27/turn    j - ring of willpower
MPRegen 0.20/turn

%: no passive effects
@: flying
A: no striking features
a: Renounce Religion


You were on level 6 of the Dungeon.
You worshipped Vehumet.
Vehumet was noncommittal.
You visited 2 branches of the dungeon, and saw 7 of its levels.

You collected 224 gold pieces.

Inventory:

Hand Weapons
 b - the +7 whip "Adam" (weapon) {heavy, *Noise Int+6 Dex+2}
   (You found it on level 3 of the Dungeon)

   Int:       It affects your intelligence (+6).
   Dex:       It affects your dexterity (+2).
   *Noise:    It may make noises in combat.
Armour
 c - a +0 animal skin (worn)
 f - a +0 pair of gloves (worn)
 g - a +0 helmet (worn)
 h - a +0 cloak (worn)
 F - a +0 robe
Jewellery
 j - a ring of willpower (right hand)
 k - a ring of flight (left hand)
Wands
 p - a wand of digging (5)
 y - a wand of charming (11)
 C - a wand of roots (15)
Scrolls
 a - 2 scrolls of torment {unknown}
 d - 6 scrolls of identify {unknown}
 e - 3 scrolls of amnesia {unknown}
 i - 2 scrolls of fog {unknown}
 m - a scroll of teleportation {unknown}
 n - 2 scrolls of vulnerability {unknown}
 r - a scroll of enchant armour {unknown}
 s - 3 scrolls of silence {unknown}
 t - a scroll of immolation {unknown}
 v - 2 scrolls of enchant weapon {unknown}
 x - a scroll of summoning {unknown}
 B - a scroll of poison {unknown}
 D - 2 scrolls of noise {unknown}
Potions
 l - a potion of attraction {unknown}
 o - a potion of flight {unknown}
 q - a potion of lignification {unknown}
 u - a potion of heal wounds {unknown}
 w - 2 potions of brilliance {unknown}
 z - 2 potions of curing
 A - 2 potions of might {unknown}
 E - 2 potions of degeneration {unknown}


   Skills:
 - Level 2.4 Dodging
 - Level 2.4 Stealth
 + Level 11.2 Spellcasting
 + Level 10.1 Conjurations


You had 9 spell levels left.
You knew the following spells:

 Your Spells              Type           Power      Damage    Failure   Level
a - Magic Dart            Conj           100%       1d8       1%          1
b - Searing Ray           Conj           100%       2d8       1%          2
c - Dazzling Flash        Conj/Hex       100%       N/A       1%          3
d - Fulminant Prism       Conj/Hex       26%        3d14      3%          4
e - Iskenderun's Mystic   Conj/Tloc      52%        2d11      3%          4
f - Arcjolt               Conj/Air       26%        1d36      9%          5
z - Passwall              Tmut/Erth      15%        N/A       3%          2

Your spell library contained the following spells:

 Spells                   Type           Power      Damage    Failure   Level
 Ensorcelled Hibernation  Hex/Ice        38%        N/A       3%          2
 Ozocubu's Armour         Ice            19%        N/A       7%          3
 Swiftness                Air            19%        N/A       7%          3
 Vhi's Electric Charge    Tloc/Air       38%        N/A       7%          3
 Manifold Assault         Tloc           19%        N/A       24%         4
 Dispersal                Tloc           9%         N/A       98%         6
 Ozocubu's Refrigeration  Ice            9%         4d9       100%        7
 Disjunction              Tloc           9%         N/A       100%        8
 Maxwell's Capacitive Co  Air            9%         ∞         100%        8
 Chain Lightning          Conj/Air       26%        3d34      100%        9
 Fire Storm               Conj/Fire      26%        8d7       100%        9
 Shatter                  Erth           9%         3d11*     100%        9


Dungeon Overview and Level Annotations

Branches:
Dungeon (6/15)             Temple (1/1) D:5

Altars:
Ashenzari
Cheibriados
Dithmenos
Fedhas
Hepliaklqana
Kikubaaqudgha
Makhleb
Nemelex Xobeh
Okawaru
Qazlal
Ru
Vehumet
Wu Jian
Xom
Yredelemnul
Zin
The Shining One


Message History

A kobold brigand comes into view.
It is wielding a +0 short sword and quivering poisoned darts.
The kobold brigand shouts!
You hear a shout!
Things that are here:
a bullfrog corpse; an iguana corpse The gnoll bouda gazes fiercely through you!
You feel your attacks grow feeble.
A kobold comes into view. It is wielding a +0 whip.
The kobold shouts!
Found a sling and a white potion.
The gnoll hits you with a +0 spear. The gnoll hits you with a +0 flail.
The gnoll bouda barks out a call to the hunt!
The gnolls pick up the pace!
The gnoll is no longer moving quickly.
The gnoll hits you from afar with a +0 spear.
* * * LOW HITPOINT WARNING * * *
The gnoll bouda barks out a call to the hunt!
The gnoll picks up the pace!
The kobold brigand throws a poisoned dart.
The poisoned dart closely misses you. The gnoll attacks as you move away!
The gnoll closely misses you.
A kobold comes into view. It is wielding a +0 quarterstaff.
The gnoll closely misses you. The gnoll attacks as you move away!
The gnoll hits you but does no damage.
Your attacks no longer feel as feeble.
The gnoll closely misses you.
The gnoll hits you from afar with a +0 spear.
* * * LOW HITPOINT WARNING * * *
The gnoll closely misses you.
Okay, then.
The gnoll closely misses you. x2
The gnoll hits you with a +0 club.
* * * LOW HITPOINT WARNING * * *
The gnoll closely misses you.
Found 10 gold pieces.
The gnoll hits you from afar with a +0 spear.
* * * LOW HITPOINT WARNING * * *
The gnoll attacks as you move away! The gnoll barely misses you.
The gnoll attacks as you move away! The gnoll completely misses you.
The gnoll attacks as you move away! The gnoll hits you with a +0 flail!
You die...

..#.. .....#.#.##### ........
..$...#..........# ^.............
.....#.......##†## ..#..........
........###⌠###..# .............
.......##.~.~^##.. ##...........
#.....##..~._..##.
.#......#...####.....#.~..~#♣#.#.
....##..##...#..g....⌠._♣#__.≈_⌠.
....##K# #....g.@....#_^≈_.^_..##
#....K.####g.K.g###..##.__.^≈.##
........#.K!....# ## .##≈~...##
##.......K....### ###⌠###
.#..........### #......#
.†...##..)#.# ########
.†..###...#.# ..### ###.... ###
#....#


You could see a kobold brigand, a gnoll bouda, 3 gnolls and 2 kobolds.

Vanquished Creatures
  Pikel (D:4)
  Grinder (D:6)
  Eustachio (D:5)
  Edmund (D:6)
  A water moccasin (D:6)
  A black bear (D:5)
  An ogre (D:4)
  3 phantoms
  A scorpion (D:4)
  2 bullfrogs (D:6)
  An orc priest (D:5)
  2 hounds (D:5)
  Crazy Yiuf (D:4)
  2 iguanas (D:6)
  Robin (D:4)
  5 gnolls
  6 adders
  A shadow imp (D:5)
  A white imp (D:5)
  A worm (D:2)
  3 dart slugs (D:1)
  9 orcs
  5 ball pythons
  2 bats (D:1)
  5 endoplasms
  A giant cockroach (D:4)
  15 goblins
  12 hobgoblins
  4 jackals (D:4)
  6 quokkas
  A frilled lizard (D:3)
  10 kobolds
  4 rats
111 creatures vanquished.

Notes
Turn   | Place    | Note
-------+----------+-------------------------------------------
     0 | D:1      | Heoruswealwe the Deep Elf Conjurer began the quest for the
                  | Orb.
     0 | D:1      | Reached XP level 1. HP: 10/10 MP: 6/6
   178 | D:1      | Reached XP level 2. HP: 15/15 MP: 3/8
   181 | D:1      | Learned a level 2 spell: Searing Ray
   310 | D:1      | Learned a level 2 spell: Passwall
   416 | D:1      | Reached skill level 4 in Spellcasting
   446 | D:1      | Reached skill level 5 in Conjurations
   446 | D:1      | Reached XP level 3. HP: 19/19 MP: 2/10
   939 | D:1      | Learned a level 3 spell: Dazzling Flash
  1037 | D:2      | Reached XP level 4. HP: 24/24 MP: 0/12
  1113 | D:2      | Reached skill level 5 in Spellcasting
  1146 | D:2      | Learned a level 4 spell: Fulminant Prism
  1838 | D:3      | Identified the +7 whip "Adam" {heavy, *Noise Int+6 Dex+2}
  2085 | D:4      | Found a runed translucent door.
  2086 | D:4      | Noticed Crazy Yiuf
  2094 | D:4      | Killed Crazy Yiuf
  2095 | D:4      | Reached XP level 5. HP: 12/28 MP: 10/15
  2432 | D:4      | Reached skill level 6 in Spellcasting
  2513 | D:4      | Noticed a phantom
  2533 | D:4      | Killed a phantom
  2534 | D:4      | Reached XP level 6. HP: 6/32 MP: 2/17
  2671 | D:4      | Noticed Robin
  2676 | D:4      | Killed Robin
  2737 | D:4      | Noticed Pikel
  2748 | D:4      | Killed Pikel
  2749 | D:4      | Reached skill level 8 in Spellcasting
  2749 | D:4      | Reached XP level 7. HP: 22/36 MP: 3/20
  2754 | D:4      | Learned a level 4 spell: Iskenderun's Mystic Blast
  2760 | D:4      | Learned a level 5 spell: Arcjolt
  3004 | D:4      | Found a broken altar of Ashenzari.
  3177 | D:5      | Entered Level 5 of the Dungeon
  3310 | D:5      | Reached skill level 9 in Spellcasting
  3315 | D:5      | Reached XP level 8. HP: 15/41 MP: 8/23
  3392 | D:5      | Found a staircase to the Ecumenical Temple.
  3402 | Temple   | Entered the Ecumenical Temple
  3410 | Temple   | Became a worshipper of Vehumet
  3591 | D:5      | Noticed Eustachio
  3601 | D:5      | Killed Eustachio
  4220 | D:6      | Noticed Grinder
  4223 | D:6      | Noticed Edmund
  4228 | D:6      | Killed Grinder
  4229 | D:6      | Reached skill level 10 in Spellcasting
  4236 | D:6      | Killed Edmund
  4313 | D:6      | Found a shimmering altar of Xom.
  4315 | D:6      | Found a shimmering altar of Xom.
  4315 | D:6      | Found a shimmering altar of Xom.
  4316 | D:6      | Found a shimmering altar of Xom.
  4316 | D:6      | Found a shimmering altar of Xom.
  4317 | D:6      | Found a shimmering altar of Xom.
  4317 | D:6      | Found a shimmering altar of Xom.
  4327 | D:6      | Reached skill level 11 in Spellcasting
  4327 | D:6      | Reached skill level 10 in Conjurations
  4331 | D:6      | Found a shimmering altar of Xom.
  4331 | D:6      | Found a shimmering altar of Xom.
  4332 | D:6      | Found a shimmering altar of Xom.
  4361 | D:6      | Reached XP level 9. HP: 44/45 MP: 1/26
  4404 | D:6      | Slain by a gnoll

Illustrated notes

Levels and vault maps discovered:
D:1:      tarquinn_simple_flora_water_a, layout_basic,
          hangedman_decor_slide_cut, minmay_vboxes
D:2:      layout_rooms, minmay_pentomino_r2
D:3:      layout_basic, st_stairs_12
D:4:      layout_basic, mainiacjoe_overflow_alcove_2, minmay_misc_feat_pillars,
          uniq_pikel, uniq_robin, uniq_crazy_yiuf_cottage
D:5:      layout_basic, temple_green, uniq_eustachio
D:6:      layout_cave_pools, gammafunk_temple_overflow_statue, xom_redecorated,
          serial_shops, shop, uniq_edmund, uniq_grinder, uniq_prince_ribbit1
Temple:   nicolae_temple_no_exploring_needed

Skill      XL: |  1  2  3  4  5  6  7  8 |
---------------+-------------------------+-----
Spellcasting   | 4 5 6 8 9 11 | 11.2
Conjurations   | 5 6 7 8 10 | 10.1
Dodging        | |  2.4
Stealth        | |  2.4

Action                     |  1- 3 |  4- 6 |  7- 9 || total
---------------------------+-------+-------+-------++-------
  Melee: Unarmed           |    28 |       |       ||    28
         Punch             |     1 |       |       ||     1
         Dagger            |     2 |       |       ||     2
         Whip              |       |     5 |     6 ||    11
   Cast: Magic Dart        |    74 |    86 |    73 ||   233
         Searing Ray       |       |     8 |    13 ||    21
    Use: Potion            |       |     1 |       ||     1
 Armour: Robe              |     2 |     3 |       ||     5
         Animal skin       |       |     3 |    11 ||    14
  Dodge: Dodged            |     7 |    18 |    38 ||    63
